General information
- name: BNet
- type: Ladder 1vs1/FFA
- host: Battle.net
- saver: Ezria
map: TurtleRock
- players: 2
- length: 53:32
- speed: Fast
- version: 1.26 W3XP
- replay type: Public
» download(101 KB)
Players
team 1 (winner)
Ezria (
teal | 16 APM | 831 actions | 53:32)
2 Demon Hunter
1 Mana Burn
1 Immolation
1 Warden
1 Fan of Knives
1 Keeper of the Grove
1 Force of Nature
» actions
| Basic commands | 12 | |
| Build / train | 94 | |
| ESC pressed | 1 | |
| Enter build submenu | 21 | |
| Enter hero's abilities submenu | 4 | |
| Remove unit from queue | 2 | |
| Right click | 328 | |
| Select / deselect | 314 | |
| Use ability | 55 | |
831 total
» units
| Wisp | 25 | |
| Hippogryph | 2 | |
| Druid of the Talon | 14 | |
| Faerie Dragon | 11 | |
| Archer | 5 | |
| Huntress | 8 | |
| Glaive Thrower | 4 | |
69 total
» upgrades
| Strength of the Wild | 2 | |
| Moon Armor | 2 | |
| Hippogryph Taming | 1 | |
| Nature's Blessing | 1 | |
| Vorpal Blades | 1 | |
| Sentinel | 1 | |
| Improved Bows | 1 | |
| Druid of the Talon Training | 1 | |
10 total
» buildings
| Tree of Ages | 1 | |
| Altar of Elders | 3 | |
| Hunter's Hall | 1 | |
| Moon Well | 5 | |
| Ancient of Wind | 1 | |
| Ancient Protector | 1 | |
| Ancient of Wonders | 1 | |
| Ancient of War | 3 | |
| Tree of Eternity | 4 | |
| Tree of Life | 1 | |
21 total
» build order
01:37 Tree of Ages
02:34 Altar of Elders
03:11 Hunter's Hall
06:21 Moon Well
08:18 Altar of Elders
10:38 Ancient of Wind
11:09 Moon Well
14:49 Ancient Protector
16:41 Ancient of Wonders
22:18 Moon Well
23:12 Ancient of War
23:33 Ancient of War
29:32 Tree of Eternity
29:33 Tree of Eternity
29:33 Tree of Eternity
29:33 Tree of Eternity
30:31 Moon Well
49:24 Altar of Elders
49:40 Ancient of War
50:24 Moon Well
53:05 Tree of Life
» items
team 2 (loser)
JayJay91 (
pink | 18 APM | 945 actions | 53:30)
6 Blademaster
1 Wind Walk
2 Mirror Image
3 Critical Strike
3 Shadow Hunter
2 Healing Wave
1 Hex
» actions
| Build / train | 112 | |
| Enter build submenu | 32 | |
| Enter hero's abilities submenu | 6 | |
| Right click | 479 | |
| Select / deselect | 280 | |
| Use ability | 36 | |
945 total
» units
| Peon | 24 | |
| Grunt | 30 | |
| Troll Headhunter/Berserker | 30 | |
| Shaman | 2 | |
| Troll Witch Doctor | 3 | |
| Raider | 1 | |
90 total
» upgrades
| Troll Regeneration | 1 | |
| Berserker Strength | 1 | |
| Shaman Training | 1 | |
| Witch Doctor Training | 1 | |
| Spirit Walker Training | 1 | |
| Pillage | 1 | |
| Berserker Upgrade | 1 | |
7 total
» buildings
| Barracks | 1 | |
| Orc Burrow | 11 | |
| Altar of Storms | 1 | |
| War Mill | 1 | |
| Watch Tower | 6 | |
| Stronghold | 1 | |
| Spirit Lodge | 1 | |
| Beastiary | 2 | |
| Great Hall | 2 | |
| Fortress | 1 | |
27 total
» build order
00:15 Barracks
00:42 Orc Burrow
01:47 Altar of Storms
01:56 Orc Burrow
02:34 War Mill
04:22 Watch Tower
04:45 Watch Tower
04:50 Watch Tower
05:09 Watch Tower
05:25 Stronghold
05:44 Orc Burrow
05:58 Orc Burrow
06:14 Orc Burrow
07:31 Orc Burrow
08:39 Spirit Lodge
09:01 Beastiary
31:09 Orc Burrow
31:13 Watch Tower
31:50 Great Hall
34:48 Watch Tower
35:40 Orc Burrow
36:59 Orc Burrow
37:03 Orc Burrow
37:06 Orc Burrow
37:07 Fortress
38:45 Beastiary
42:28 Great Hall
Chat log
(02:44 / All) Ezria: hi
(07:18 / All) Ezria: poop
(26:23 / All) Ezria: dooo
(26:26 / All) Ezria: i mean sooo
(31:55 / All) Ezria: got to go
(32:08 / All) Ezria: i obv won man
(32:13 / All) Ezria: so like
(32:18 / All) JayJay91: i was afk...
(32:24 / All) JayJay91: sorry :D
(32:28 / All) Ezria: oh man
(32:40 / All) Ezria: i was gunna sneak up on you like
(32:41 / All) JayJay91: im back since 2 minutes
(32:51 / All) Ezria: oh crap
(47:37 / All) Ezria: watch the replay